 Dungeon Crawl Stone Soup version 0.25.1-2-g60ff931df9 (webtiles) character file.

Game seed: 11995983802959221599

384 DearestLeader the Ducker (level 6, -5/48 HPs)
             Began as a Demonspawn Gladiator on Oct 18, 2020.
             Slain by Edmund
             ... wielding a +2 flail of holy wrath
              (10 damage)
             ... on level 4 of the Dungeon.
             The game lasted 00:06:51 (3493 turns).

DearestLeader the Ducker (Demonspawn Gladiator)     Turns: 3493, Time: 00:06:51

Health: -5/48      AC: 16    Str: 16    XL:     6   Next: 47%
Magic:  6/6        EV: 12    Int: 10    God:
Gold:   183        SH:  0    Dex: 14    Spells: 5/5 levels left

rFire    . . .     SeeInvis .   a - +0 war axe
rCold    . . .     Gourm    .   (no shield)
rNeg     . . .     Faith    .   q - +1 ring mail {MR+}
rPois    .         Spirit   .   w - +2 helmet
rElec    .         Reflect  .   u - +0 cloak
rCorr    .         Harm     .   (no gloves)
MR       +....                  b - +2 pair of boots {Stlth+}
Stlth    ++........             (no amulet)
HPRegen  0.16/turn              (no ring)
MPRegen  0.10/turn              (no ring)

@: stab
A: claws 1, iridescent scales 1, powered by death 1
a: no special abilities


You were on level 4 of the Dungeon.
You were not hungry.

You visited 1 branch of the dungeon, and saw 4 of its levels.

You collected 183 gold pieces.

Inventory:

Hand Weapons
 a - a +0 war axe (weapon)
Missiles
 d - 4 throwing nets (quivered)
Armour
 b - a +2 pair of boots of stealth (worn)
 c - a +0 helmet
 q - a +1 ring mail of magic resistance (worn)
 s - a +0 chain mail
 u - a +0 cloak (worn)
 w - a +2 helmet (worn)
 y - a cursed +0 buckler
Jewellery
 j - an uncursed ring of ice
Wands
 o - a wand of iceblast (7)
Scrolls
 g - 2 scrolls of teleportation
 i - a scroll of amnesia {unknown}
 k - 5 scrolls of magic mapping {unknown}
 l - a scroll of random uselessness {unknown}
 m - 2 scrolls of fog {unknown}
 t - 3 scrolls of identify {unknown}
 v - 2 scrolls of enchant weapon {unknown}
Potions
 e - a potion of resistance {unknown}
 n - a potion of invisibility {unknown}
 p - a potion of cancellation {unknown}
 r - a potion of stabbing
 x - 2 potions of haste {unknown}
 z - a potion of might {unknown}
Comestibles
 f - 4 rations
 h - 4 chunks of flesh


   Skills:
 + Level 3.7 Fighting
 - Level 2.6 Axes
 - Level 1.7 Throwing
 + Level 3.9 Armour
 - Level 4.0 Dodging
 * Level 1.2 Unarmed Combat


You had 5 spell levels left.
You didn't know any spells.
Your spell library was empty.

Dungeon Overview and Level Annotations

Branches:
Dungeon (4/15)
 Temple: D:4-7

Altars:
Yredelemnul

Annotations:
D:2 Sigmund
D:4 Edmund


Innate Abilities, Weirdness & Mutations

You have sharp fingernails.
You are partially covered in iridescent scales. (AC +2)
You regenerate a little health from kills.


Message History

Aim: Edmund, wielding a +2 flail of holy wrath and wearing a +0 ring mail (lightly wounded)
The mass of ice explodes!
The iceblast engulfs Edmund!
Edmund is heavily wounded.
You hit Edmund.
Edmund is heavily wounded.
Edmund hits you with a +2 flail of holy wrath!
You convulse!
You barely miss Edmund.
Edmund is heavily wounded.
Edmund hits you with a +2 flail of holy wrath!
You convulse!
* * * LOW HITPOINT WARNING * * *
Edmund hits you but does no damage.
Edmund gestures with his flail.
It was a potion of stabbing.
You feel ready to backstab.
Edmund hits you with a +2 flail of holy wrath!
* * * LOW HITPOINT WARNING * * *
You convulse!
You die...

######............##
##....
#.......(..##.##
##(###.
####.#.....###)###.##
#. #.#.....# ##.)[##
#. # ##..### ##.## #.
#..# #.# #. #..# #.#
#. #######..# #.# #.
.......@.# #.# #.
#######@## #.# #.#
#.# #.# #.. #.# ###
#########.#
.....w..w.#
###########


You could see Edmund and a worm.

Vanquished Creatures
  A hound (D:4)
  An orc priest (D:4)
  Terence (D:2)
  A worker ant (D:4)
  3 orc wizards
  7 gnolls
  A howler monkey skeleton (D:3)
  2 adders
  2 worms (D:2)
  3 dart slugs
  2 leopard geckos
  10 orcs
  2 giant cockroaches
  6 goblins
  11 hobgoblins
  4 jackals
  A ball python (D:3)
  11 bats
  4 frilled lizards
  6 kobolds
  10 rats
89 creatures vanquished.

Notes
Turn   | Place    | Note
-------+----------+-------------------------------------------
     0 | D:1      | DearestLeader the Demonspawn Gladiator began the quest for
                  | the Orb.
     0 | D:1      | Reached XP level 1. HP: 16/16 MP: 1/1
    86 | D:1      | Reached skill level 1 in Armour
    86 | D:1      | Gained mutation: You are partially covered in iridescent
                  | scales. (AC +2) [demonic ancestry]
    86 | D:1      | Reached XP level 2. HP: 14/22 MP: 2/2
   517 | D:1      | Reached skill level 3 in Dodging
   701 | D:1      | Gained mutation: You regenerate a little health from kills.
                  | [demonic ancestry]
   701 | D:1      | Reached XP level 3. HP: 22/28 MP: 3/3
  1165 | D:2      | Noticed Terence
  1168 | D:2      | Killed Terence
  1168 | D:2      | Reached XP level 4. HP: 34/34 MP: 4/4
  1255 | D:2      | Noticed Sigmund
  1654 | D:2      | Reached XP level 5. HP: 34/41 MP: 5/5
  2023 | D:3      | Found a basalt altar of Yredelemnul.
  2950 | D:3      | Gained mutation: You have sharp fingernails. [demonic
                  | ancestry]
  2950 | D:3      | Reached XP level 6. HP: 47/47 MP: 6/6
  3356 | D:4      | Reached skill level 4 in Dodging
  3356 | D:4      | Reached skill level 1 in Unarmed Combat
  3479 | D:4      | Noticed Edmund
  3493 | D:4      | Slain by Edmund

Illustrated notes

Levels and vault maps discovered:
D:1:      sevenhm_arrival_forest_fort_small_6, layout_loops_ring, serial_forest,
          infiniplex_forest_clump_cross, infiniplex_forest_zigzag_2,
          infiniplex_forest_clump_double, infiniplex_forest_straight_2,
          infiniplex_forest_clump_curved, infiniplex_forest_zigzag_2,
          infiniplex_forest_end_3, minmay_tetromino_s4
D:2:      layout_basic, uniq_sigmund, uniq_terence
D:3:      layout_loops_cross, lemuel_coloured_pillars_altar
D:4:      layout_loops_ring, lemuel_round_altar, minmay_temple_entry_mist,
          minmay_misc_feat_room, uniq_edmund

Skill      XL: |  1  2  3  4  5  6 |
---------------+-------------------+-----
Armour         | 1 2 3 |  3.9
Dodging        | 3 4 |  4.0
Fighting       | 3 |  3.7
Unarmed Combat | 1 |  1.2
Axes           | |  2.6
Throwing       | |  1.7

Action                   |  1- 3 |  4- 6 || total
-------------------------+-------+-------++-------
Melee: War axe           |    93 |   204 ||   297
Evoke: Wand              |     1 |     3 ||     4
  Use: Scroll            |       |     2 ||     2
       Potion            |       |     1 ||     1
  Eat: Chunk             |     1 |     8 ||     9
Armor: Ring mail         |    55 |   105 ||   160
       Leather armour    |     1 |       ||     1
Dodge: Dodged            |    71 |   143 ||   214
